 Dungeon Crawl Stone Soup version 0.28.0 (webtiles) character file.

Game seed: 2022063497359549158

2985 Sharkman1231 the Destroyer (level 9, -4/47 HPs)
             Began as a Tengu Conjurer on Feb 8, 2022.
             Slain by a centaur (14 damage)
             ... in a bailey on Feb 9, 2022.
             The game lasted 00:12:19 (8473 turns).

Sharkman1231 the Destroyer (Tengu Conjurer)         Turns: 8473, Time: 00:12:20

Health: -4/47      AC:  5    Str:  7    XL:     9   Next: 83%
Magic:  12/19      EV: 16    Int: 20    God:
Gold:   347        SH:  5    Dex: 16    Spells: 13/20 levels left

rFire   . . .      SeeInvis .   a - +1 dagger (venom)
rCold   . . .      Faith    .   (no shield)
rNeg    + . .      Spirit   .   j - +0 robe
rPois   +          Reflect  +   (helmet restricted)
rElec   .          Harm     .   w - +0 cloak
rCorr   .          Rampage  .   (no gloves)
Will    .....                   (boots unavailable)
Stlth   ++........              y - amulet "Ruz Onn" {Reflect rPois SH+5}
HPRegen 0.15/turn               b - ring of wizardry
MPRegen 0.16/turn               v - ring of positive energy

@: flying quickly and evasively, quick
A: beak, talons 3, nimble flight, antennae 1, iridescent scales 1, screaming 1
a: no special abilities


You were in a bailey.
You visited 1 branch of the dungeon, and saw 7 of its levels.
You also visited: Bailey.

You collected 431 gold pieces.
You spent 84 gold pieces at shops.

Inventory:

Hand Weapons
 a - a +1 dagger of venom (weapon)
 B - a +1 halberd of protection
 C - a +3 trident
Armour
 j - a +0 robe (worn)
 w - a +0 cloak (worn)
Jewellery
 b - a ring of wizardry (left hand)
 v - a ring of positive energy (right hand)
 y - the amulet "Ruz Onn" (around neck) {Reflect rPois SH+5}
   (You found it on level 7 of the Dungeon)

   [amulet of reflection]

   It reflects blocked missile attacks.
   rPois:     It protects you from poison.
   SH:        It affects your SH (+5).
Wands
 g - a wand of mindburst (18)
 l - a wand of flame (18)
 s - a wand of iceblast (9)
 A - a wand of acid (4)
Scrolls
 c - a scroll of enchant armour
 d - a scroll of fog
 e - a scroll of vulnerability
 m - a scroll of immolation {unknown}
 n - 2 scrolls of amnesia
 o - 3 scrolls of teleportation
 q - a scroll of fear
Potions
 f - a potion of cancellation
 h - 2 potions of might
 i - 3 potions of curing
 k - a potion of mutation
 p - 2 potions of degeneration {unknown}
 r - a potion of heal wounds
 t - 2 potions of lignification {unknown}
 u - a potion of magic
 x - a potion of resistance {unknown}
 z - a potion of berserk rage {unknown}


   Skills:
 + Level 1.1 Fighting
 + Level 5.0 Short Blades
 + Level 4.1 Dodging
 - Level 2.0 Stealth
 + Level 6.3 Spellcasting
 + Level 10.1 Conjurations
 + Level 3.0 Hexes
 * Level 5.8 Evocations


You had 13 spell levels left.
You knew the following spells:

 Your Spells              Type           Power      Damage    Failure   Level
a - Magic Dart            Conj           100%       1d8       1%          1
b - Searing Ray           Conj           92%        2d7       1%          2
c - Fulminant Prism       Conj/Hex       16%        3d11      2%          4

Your spell library contained the following spells:

 Spells                   Type           Power      Damage    Failure   Level
 Shock                    Conj/Air       100%       1d9       1%          1
 Dazzling Flash           Conj/Hex       64%        N/A       1%          3
 Sting                    Tmut/Pois      24%        1d4       4%          1
 Iskenderun's Mystic Bla  Conj/Tloc      26%        2d7       5%          4
 Corpse Rot               Necr/Air       12%        N/A       6%          2
 Poisonous Vapours        Pois/Air       12%        N/A       6%          2
 Portal Projectile        Hex/Tloc       24%        N/A       6%          3
 Swiftness                Air            6%         N/A       12%         3
 Airstrike                Air            3%         N/A       38%         4
 Olgreb's Toxic Radiance  Pois           6%         N/A       38%         4
 Blade Hands              Tmut           3%         N/A       71%         5
 Excruciating Wounds      Necr           3%         N/A       71%         5


Dungeon Overview and Level Annotations

Branches:
Dungeon (7/15)             Bailey (1/1)
 Temple: D:4-7

Altars:
Dithmenos
Gozag
Okawaru
Ru
Wu Jian
Xom

Shops:
D:2 ?   D:3 =

Annotations:
D:4 Dowan, Duvessa


Innate Abilities, Weirdness & Mutations

You have a beak for a mouth.
You have claws for feet.
Your magical nature lets you fly swiftly and evasively.
You have a pair of small antennae on your head.
You are partially covered in iridescent scales. (AC +2)
You occasionally shout uncontrollably at your foes.


Message History

The centaur hits you from afar with a +0 spear.
The centaur barely misses you. You block the centaur's attack.
Unknown command.
You hit the centaur but do no damage. You block the centaur's attack.
Your fulminant prism crackles loudly.
The centaur hits you with a +0 halberd! The centaur closely misses you.
The centaur throws a javelin.
The javelin pierces through you.
Unknown command.
You hit the centaur but do no damage. You claw the centaur.
You peck the centaur, but do no damage.
The centaur is lightly wounded.
Your fulminant prism explodes!
The blast of energy engulfs the centaur!
The centaur is heavily wounded.
The blast of energy engulfs the centaur!
The centaur is heavily wounded.
The centaur completely misses you. You block the centaur's attack.
The centaur throws a javelin.
The javelin misses you.
You hear a shout! x5
Unknown command.
Casting: Fulminant Prism (dangerous; 2% risk of failure)
Confirm with . or Enter, or press ? or * to list all spells.
Aiming: Searing Ray (safe; 1% risk of failure)
Press: ? - help, Shift-Dir - straight line, f - centaur
Aim: a centaur, wielding a +0 spear, wearing a +0 ring mail and quivering javelins (heavily wounded, 91% to hit)
The searing ray hits the centaur but does no damage.
The centaur is heavily wounded.
The searing ray hits the centaur!
The centaur is severely wounded. (Press . to maintain the ray.)
The centaur hits you with a +0 halberd! The centaur completely misses you.
The centaur hits you from afar with a +0 spear.
* * * LOW HITPOINT WARNING * * *
Unknown command.
The searing ray hits the centaur.
The centaur is heavily wounded.
The searing ray hits the centaur.
The centaur is almost dead.
The centaur hits you with a +0 halberd!
You die...

.........##
..........###≈≈≈≈≈≈≈≈...
###⌠.......#≈≈≈≈≈≈≈.o≈≈≈
..#####....#≈≈≈≈≈..≈≈≈..
≈≈....##...#≈≈≈≈.≈≈≈....
.≈≈≈.⌠.#...#≈≈≈≈.≈......
≈..≈≈..#...#≈≈≈c≈≈.⌠....
≈≈≈.≈≈.#⌠..#≈≈≈c≈.......
[.≈≈.≈)##.)#≈≈.≈@....≈≈≈
≈≈)≈.≈≈.#..#####...≈≈≈≈≈
.≈[≈≈.≈.#..'.))...≈≈≈)≈≈
.≈.)).≈.#..'......≈≈≈≈≈!
.≈.≈≈.≈.#..'.)....≈≈≈≈≈≈
≈≈.≈.≈≈.#..#####...≈≈≈≈≈
..≈≈.≈)##.)#≈≈.≈≈....≈≈≈
≈≈≈.≈≈)#⌠.)#≈≈≈.≈.......
≈..≈≈).#...#≈≈≈)≈≈.⌠....


You could see an orc warrior and 2 centaurs.

Vanquished Creatures
  A two-headed ogre (D:5)
  Sigmund (D:3)
  Eustachio (D:6)
  A steam dragon (D:7)
  Menkaure (D:6)
  Edmund (D:6)
  4 orc warriors (Bailey)
  A black bear (D:6)
  An ice beast (D:6)
  An ogre (D:7)
  3 centaurs (Bailey)
  A kobold brigand (D:6)
  2 howler monkeys (D:6)
  4 jellies
  2 hounds
  2 orc priests
  A bullfrog skeleton (D:6)
  Jessica (D:3)
  An iguana (D:5)
  6 orc wizards
  Ijyb (D:4)
  A howler monkey zombie (D:6)
  3 adders
  A shadow imp (D:6)
  An ufetubus (D:6)
  An adder skeleton (D:4)
  An adder zombie (D:5)
  2 worms (D:2)
  3 dart slugs
  38 orcs
  6 ball pythons
  5 endoplasms
  9 goblins
  6 hobgoblins
  16 kobolds
  A quokka (D:1)
  3 bats
  3 frilled lizards
  5 rats
  A spectral hobgoblin (D:1)
143 creatures vanquished.

Vanquished Creatures (others)
  22 fulminant prisms
22 creatures vanquished.

Grand Total: 165 creatures vanquished

Notes
Turn   | Place    | Note
-------+----------+-------------------------------------------
     0 | D:1      | Sharkman1231 the Tengu Conjurer began the quest for the
                  | Orb.
     0 | D:1      | Reached XP level 1. HP: 10/10 MP: 4/4
     0 | D:1      | Noticed a merfolk zombie
     2 | D:1      | Noticed a minotaur zombie
     7 | D:1      | Noticed a merfolk zombie
    17 | D:1      | Noticed a merfolk zombie
   184 | D:1      | Reached XP level 2. HP: 12/15 MP: 1/6
   401 | D:1      | Found a faded altar of an unknown god.
   628 | D:1      | Learned a level 2 spell: Searing Ray
   904 | D:2      | Reached skill level 6 in Conjurations
   904 | D:2      | Reached XP level 3. HP: 15/19 MP: 1/8
  1048 | D:2      | Gained mutation: You occasionally shout uncontrollably at
                  | your foes. [potion of mutation]
  1048 | D:2      | Gained mutation: You are partially covered in iridescent
                  | scales. (AC +2) [potion of mutation]
  1048 | D:2      | Gained mutation: You have a pair of small antennae on your
                  | head. [potion of mutation]
  1124 | D:2      | Found Naemoj's Magic Scroll Emporium.
  1134 | D:2      | Bought a scroll of fog for 28 gold pieces
  1134 | D:2      | Bought a scroll of noise for 14 gold pieces
  1642 | D:2      | Reached XP level 4. HP: 24/24 MP: 6/9
  2118 | D:3      | Noticed Jessica
  2121 | D:3      | Killed Jessica
  2186 | D:3      | Noticed Sigmund
  2197 | D:3      | Killed Sigmund
  2198 | D:3      | Reached skill level 7 in Conjurations
  2198 | D:3      | Gained mutation: Your magical nature lets you fly swiftly
                  | and evasively. [Tengu growth]
  2198 | D:3      | Reached XP level 5. HP: 19/28 MP: 1/12
  2198 | D:3      | Reached XP level 6. HP: 22/32 MP: 1/13
  2513 | D:3      | Reached skill level 8 in Conjurations
  2706 | D:3      | Found Fies Evage's Jewellery Emporium.
  3528 | D:2      | Bought a scroll of teleportation for 42 gold pieces
  3548 | D:4      | Noticed Duvessa
  3548 | D:4      | Noticed Dowan
  3581 | D:4      | Reached skill level 1 in Short Blades
  3866 | D:4      | Learned a level 4 spell: Fulminant Prism
  3896 | D:4      | Noticed Ijyb
  3958 | D:4      | Killed Ijyb
  3959 | D:4      | Reached XP level 7. HP: 25/36 MP: 5/15
  4297 | D:4      | Found an iron altar of Okawaru.
  4531 | D:4      | Found a shadowy altar of Dithmenos.
  4724 | D:5      | Entered Level 5 of the Dungeon
  4757 | D:5      | Noticed a two-headed ogre
  4937 | D:5      | Killed a two-headed ogre
  4938 | D:5      | Reached skill level 5 in Spellcasting
  4938 | D:5      | Reached skill level 9 in Conjurations
  4938 | D:5      | Reached skill level 1 in Hexes
  4938 | D:5      | Reached XP level 8. HP: 41/41 MP: 1/17
  6009 | D:6      | Noticed Menkaure
  6013 | D:6      | Killed Menkaure
  6074 | D:6      | Noticed Eustachio
  6086 | D:6      | Killed Eustachio
  6089 | D:6      | Reached XP level 9. HP: 41/45 MP: 3/18
  6282 | D:6      | Noticed Edmund
  6298 | D:6      | Killed Edmund
  6681 | D:6      | Reached skill level 5 in Evocations
  6780 | D:6      | Found an opulent altar of Gozag.
  6826 | D:6      | Found a shimmering altar of Xom.
  6933 | D:6      | Found a sacrificial altar of Ru.
  6993 | D:6      | Found an ornate altar of the Wu Jian Council.
  7134 | D:7      | Found a flagged portal.
  7144 | D:7      | Identified the amulet "Ruz Onn" {Reflect rPois SH+5}
  7186 | Bailey   | Entered a bailey
  7956 | Bailey   | Reached skill level 10 in Conjurations
  8248 | Bailey   | Reached skill level 1 in Fighting
  8365 | Bailey   | Reached skill level 5 in Short Blades
  8473 | Bailey   | Slain by a centaur

Illustrated notes

Levels and vault maps discovered:
D:1:      shiori_arrival_whats_in_store_for_you, layout_basic,
          dreamdust_ecumenical_altar_drowned_temple
D:2:      layout_loops_cross, serial_shops, nicolae_lakefront_shop
D:3:      layout_loops_ring, serial_shops, nicolae_shop_crystal, serial_rivers,
          chequers_serial_rivers_micro_b, chequers_serial_rivers_large_a,
          chequers_serial_rivers_micro_b, chequers_serial_rivers_room_b,
          uniq_sigmund, uniq_jessica
D:4:      layout_rooms, kennysheep_okawaru_gauntlet,
          mainiacjoe_overflow_boulevard, uniq_duvessa, uniq_ijyb
D:5:      layout_basic
D:6:      layout_cave_pools, nicolae_gozag_cash_rules_everything_around_me,
          nicolae_wu_jian_immortal_techniques, lemuel_coloured_pillars_altar,
          mainiacjoe_overflow_alcove_4, uniq_menkaure, uniq_edmund,
          uniq_eustachio
D:7:      layout_loops_corners, temple_doors_e, enter_bailey_2, uniq_pikel
Bailey:   bailey_polearm_flooded_kennysheep, bailey

Skill      XL: |  1  2  3  4  5  6  7  8  9 |
---------------+----------------------------+-----
Conjurations   | 6 7 8 9 10 | 10.1
Spellcasting   | 3 4 5 6 |  6.3
Short Blades   | 1 3 4 5 |  5.0
Hexes          | 1 2 3 |  3.0
Evocations     | 3 4 5 |  5.8
Dodging        | 4 |  4.1
Fighting       | 1 |  1.1
Stealth        | |  2.0

Action                   |  1- 3 |  4- 6 |  7- 9 || total
-------------------------+-------+-------+-------++-------
Melee: Kick              |     1 |    14 |    38 ||    53
       Unarmed           |     1 |       |       ||     1
       Dagger            |       |    35 |   102 ||   137
       Peck              |       |     8 |    23 ||    31
       Punch             |       |     1 |     2 ||     3
 Cast: Magic Dart        |    65 |    31 |    53 ||   149
       Searing Ray       |     1 |     7 |    26 ||    34
       Fulminant Prism   |       |     2 |    20 ||    22
Evoke: Wand              |       |       |     1 ||     1
  Use: Scroll            |     3 |     3 |     4 ||    10
       Potion            |     1 |       |     2 ||     3
 Stab: Sleeping          |       |     2 |     1 ||     3
       Distracted        |       |       |     1 ||     1
Armor: Robe              |     3 |     8 |    22 ||    33
Dodge: Dodged            |     2 |    19 |   118 ||   139
Block: Other             |       |       |    18 ||    18
